 Dungeon Crawl Stone Soup version 0.28-a0-938-gbc3f381ebc (webtiles) character file.

Game seed: 15829656978062287212

1396 greenreed the Chiller (level 8, -5/58 HPs)
             Began as a Gnoll Ice Elementalist on Nov 29, 2021.
             Slain by a wight (11 damage)
             ... on level 6 of the Dungeon.
             The game lasted 00:24:52 (8359 turns).

greenreed the Chiller (Gnoll Ice Elementalist)      Turns: 8359, Time: 00:24:53

Health: -5/58      AC:  2    Str:  7    XL:     8   Next: 68%
Magic:  13/17      EV: 14    Int: 18    God:
Gold:   248        SH:  0    Dex: 12    Spells: 12/19 levels left

rFire   + . .      SeeInvis .   C - +2 short sword (holy)
rCold   . . .      Faith    .   (no shield)
rNeg    . . .      Spirit   .   a - +0 robe
rPois   .          Reflect  .   (no helmet)
rElec   .          Harm     .   (no cloak)
rCorr   .          Rampage  .   (no gloves)
Will    .....                   (no boots)
Stlth   +++.......              (no amulet)
HPRegen 0.19/turn               k - ring of protection from fire
MPRegen 0.15/turn               (no ring)

@: no status effects
A: fangs 1, strong nose, distributed training
a: no special abilities


You were on level 6 of the Dungeon.
You visited 1 branch of the dungeon, and saw 6 of its levels.

You collected 248 gold pieces.

Inventory:

Hand Weapons
 m - a +0 dagger
 n - a +0 bardiche
 y - a +1 short sword of flaming
 A - a +1 mace of holy wrath
 C - a +2 short sword of holy wrath (weapon)
 D - a +2 dagger of venom
Missiles
 p - 2 atropa-tipped darts
Armour
 a - a +0 robe (worn)
Jewellery
 k - a ring of protection from fire (left hand)
Wands
 o - a wand of flame (22)
 r - a wand of digging (8)
Scrolls
 c - 2 scrolls of identify {unknown}
 d - 2 scrolls of holy word {unknown}
 e - 3 scrolls of teleportation {unknown}
 i - a scroll of magic mapping {unknown}
 s - a scroll of vulnerability {unknown}
 t - 4 scrolls of fog {unknown}
 x - a scroll of noise {unknown}
 E - a scroll of torment {unknown}
Potions
 b - 2 potions of mutation {unknown}
 f - 2 potions of brilliance {unknown}
 g - a potion of flight {unknown}
 h - a potion of magic {unknown}
 j - 2 potions of curing
 l - a potion of lignification {unknown}
 q - a potion of berserk rage {unknown}
 u - a potion of degeneration {unknown}
 v - a potion of attraction {unknown}
 w - a potion of might {unknown}
 z - 2 potions of haste {unknown}
 B - a potion of ambrosia {unknown}


   Skills:
 + Level 3.5 Fighting
 + Level 3.5 Short Blades
 + Level 3.5 Long Blades
 + Level 3.5 Axes
 + Level 3.5 Maces & Flails
 + Level 3.5 Polearms
 + Level 3.5 Staves
 + Level 3.5 Slings
 + Level 3.5 Bows
 + Level 3.5 Crossbows
 + Level 3.5 Throwing
 + Level 3.5 Armour
 + Level 5.8 Dodging
 + Level 5.5 Stealth
 + Level 3.5 Shields
 + Level 3.5 Unarmed Combat
 + Level 6.1 Spellcasting
 + Level 2.8 Conjurations
 + Level 2.8 Hexes
 + Level 2.8 Summonings
 + Level 2.8 Necromancy
 + Level 2.8 Translocations
 + Level 2.8 Transmutations
 + Level 2.8 Fire Magic
 + Level 7.7 Ice Magic
 + Level 2.8 Air Magic
 + Level 2.8 Earth Magic
 + Level 2.8 Poison Magic
 + Level 3.8 Invocations
 + Level 3.5 Evocations


You had 12 spell levels left.
You knew the following spells:

 Your Spells              Type           Power      Damage    Failure   Level
a - Freeze                Ice            100%       1d11      1%          1
b - Frozen Ramparts       Ice            66%        1d8       1%          3
c - Ozocubu's Armour      Ice            33%        N/A       1%          3

Your spell library contained the following spells:

 Spells                   Type           Power      Damage    Failure   Level
 Hailstorm                Conj/Ice       24%        3d7       13%         4


Dungeon Overview and Level Annotations

Branches:
Dungeon (6/15)
 Temple: D:4-7

Altars:
Ashenzari
Gozag
Kikubaaqudgha
Yredelemnul
Zin
Beogh

Shops:
D:4 :=(

Annotations:
D:6 exclusion: two-headed ogre


Innate Abilities, Weirdness & Mutations

You have very sharp teeth.
Your uncanny sense of smell can sniff out nearby items.
Your experience applies equally to all skills.


Message History

A wight comes into view. It is wielding a +4 scimitar.
Your icy armour and frozen ramparts will break if you move.
Continue?
Your icy armour cracks and falls away as you move.
The frozen ramparts melt away as you move.
Press: ? - help, v - describe, . - travel
Here: a wight, wielding a +4 hand axe of freezing and wearing a +0 robe The floor.
Press: ? - help, v - describe, . - travel
Here: a wight, wielding a +4 hand axe of freezing and wearing a +0 robe The floor.
Your +1 short sword of flaming stops flaming.
Your +2 short sword of holy wrath softly glows with a divine radiance!
C - a +2 short sword of holy wrath (weapon)
You closely miss the wight. The wight closely misses you.
You hit the wight.
The wight convulses.
The wight is moderately damaged.
The wight misses you.
You hit the wight.
The wight convulses.
You bite the wight, but do no damage.
The wight is severely damaged.
The wight hits you with a +4 hand axe of freezing!
You feel drained. The wight freezes you.
You hit the wight.
The wight convulses.
The wight is almost destroyed.
The wight hits you with a +4 hand axe of freezing!
* * * LOW HITPOINT WARNING * * *
The wight freezes you.
* * * LOW HITPOINT WARNING * * *
You closely miss the wight.
The wight is almost destroyed.
The wight misses you.
You hit the wight.
You destroy the wight!
Your life force feels restored.
It was a potion of curing.
You feel better.
You hit the wight but do no damage. The wight hits you with a +4 scimitar!
* * * LOW HITPOINT WARNING * * *
You closely miss the wight. The wight hits you with a +4 scimitar!
* * * LOW HITPOINT WARNING * * *
You feel better. The wight hits you with a +4 scimitar!
You die...

##........#####.## #..# #..#).
#....#..### #..###.## ##..#
##..####.## ##..#..######...#
#..## #...###
##.....#...)....# ..##
##.....####..##.....###...#
.## #(.###.....####..#.##
##...# .#####..# ##....#
#.....# ##... ........#
##....###.#รท#.## #.##
.....#..###..#..@z.......# .##
....###.<##..##...#.#.#..#
....# ##....###......#...###
#...####......#.#.#.#.#.>....#
###........##.............##..
#.........##.#.##....#....#
##..............#........#...
............#.#.....#.#.##.#.#
........................# . #


You could see a wight.

Vanquished Creatures
  An orc warrior (D:5)
  3 black bears
  A necrophage (D:6)
  An ogre (D:6)
  A bullfrog (D:6)
  A scorpion (D:5)
  A water moccasin skeleton (D:6)
  A wight (D:6)
  2 howler monkeys
  2 bullfrog zombies
  2 hounds
  3 orc priests (D:5)
  A bullfrog skeleton (D:3)
  Ijyb (D:3)
  An iguana (D:6)
  4 orc wizards
  3 adders
  A shadow imp (D:6)
  2 white imps (D:6)
  A worm (D:2)
  30 orcs
  6 endoplasms
  6 goblins
  5 hobgoblins
  6 quokkas
  6 ball pythons
  5 bats
  3 frilled lizards
  12 kobolds
  4 rats
116 creatures vanquished.

Vanquished Creatures (others)
  3 fungi (D:6)
  2 plants (D:6)
5 creatures vanquished.

Grand Total: 121 creatures vanquished

Notes
Turn   | Place    | Note
-------+----------+-------------------------------------------
     0 | D:1      | greenreed the Gnoll Ice Elementalist began the quest for
                  | the Orb.
     0 | D:1      | Reached XP level 1. HP: 13/13 MP: 6/6
   326 | D:1      | Reached XP level 2. HP: 19/19 MP: 4/7
  1261 | D:2      | Reached XP level 3. HP: 25/25 MP: 7/9
  1298 | D:2      | Found a broken altar of Ashenzari.
  1330 | D:2      | Learned a level 3 spell: Frozen Ramparts
  1334 | D:2      | Learned a level 3 spell: Ozocubu's Armour
  1376 | D:2      | Reached skill level 5 in Spellcasting
  2257 | D:3      | HP: 1/25 [bullfrog zombie (5)]
  2557 | D:3      | Reached skill level 1 in Fighting
  2557 | D:3      | Reached skill level 1 in Short Blades
  2557 | D:3      | Reached skill level 1 in Long Blades
  2557 | D:3      | Reached skill level 1 in Axes
  2557 | D:3      | Reached skill level 1 in Maces & Flails
  2557 | D:3      | Reached skill level 1 in Polearms
  2557 | D:3      | Reached skill level 1 in Staves
  2557 | D:3      | Reached skill level 1 in Slings
  2557 | D:3      | Reached skill level 1 in Bows
  2557 | D:3      | Reached skill level 1 in Crossbows
  2557 | D:3      | Reached skill level 1 in Throwing
  2557 | D:3      | Reached skill level 1 in Armour
  2557 | D:3      | Reached skill level 1 in Shields
  2557 | D:3      | Reached skill level 1 in Unarmed Combat
  2557 | D:3      | Reached skill level 1 in Invocations
  2557 | D:3      | Reached skill level 1 in Evocations
  2557 | D:3      | Reached XP level 4. HP: 25/32 MP: 11/11
  2640 | D:3      | Found a basalt altar of Yredelemnul.
  2706 | D:3      | Found an ancient bone altar of Kikubaaqudgha.
  3478 | D:3      | Reached skill level 1 in Conjurations
  3478 | D:3      | Reached skill level 1 in Hexes
  3478 | D:3      | Reached skill level 1 in Summonings
  3478 | D:3      | Reached skill level 1 in Necromancy
  3478 | D:3      | Reached skill level 1 in Translocations
  3478 | D:3      | Reached skill level 1 in Transmutations
  3478 | D:3      | Reached skill level 1 in Fire Magic
  3478 | D:3      | Reached skill level 1 in Air Magic
  3478 | D:3      | Reached skill level 1 in Earth Magic
  3478 | D:3      | Reached skill level 1 in Poison Magic
  3517 | D:3      | Noticed Ijyb
  3525 | D:3      | Killed Ijyb
  3526 | D:3      | Reached XP level 5. HP: 29/37 MP: 4/12
  3854 | D:3      | Noticed a necrophage
  4192 | D:2      | Found a faded altar of an unknown god.
  5409 | D:4      | Found Kadust's Jewellery Shoppe.
  5507 | D:4      | Found Ripnamypp's Weapon Shoppe.
  5641 | D:4      | Found Fuefecw's Book Shop.
  5685 | D:4      | Reached XP level 6. HP: 41/44 MP: 8/13
  5958 | D:5      | Entered Level 5 of the Dungeon
  6040 | D:5      | Reached skill level 5 in Dodging
  6115 | D:5      | Reached XP level 7. HP: 44/50 MP: 8/15
  6574 | D:5      | Found a runed translucent door.
  6731 | D:5      | Found a glowing silver altar of Zin.
  6731 | D:5      | Found an opulent altar of Gozag.
  6946 | D:5      | Reached skill level 5 in Stealth
  7392 | D:6      | Reached XP level 8. HP: 40/57 MP: 10/16
  8119 | D:6      | Noticed a two-headed ogre
  8358 | D:6      | HP: 1/58 [wight (10)]
  8359 | D:6      | Slain by a wight

Illustrated notes

Levels and vault maps discovered:
D:1:      lemuel_arrival_broad_hall, layout_basic, minmay_misc_feat_x,
          minmay_octomino_c4
D:2:      layout_loops_ring, basic_altar, ebering_ecumenical_altar_box
D:3:      layout_basic, mainiacjoe_overflow_alcove_4,
          mainiacjoe_overflow_alcove_1, uniq_ijyb
D:4:      layout_gridville, serial_glass, glass_columns_c, glass_columns_a,
          serial_shops, shop, shop, kennysheep_little_box,
          chequers_serial_rivers_marsh, chequers_serial_rivers_small_b
D:5:      layout_basic, grunt_temple_overflow_gold_and_silver,
          nemelex_diamond_rough_becter, nicolae_ru_awakened_eye, serial_shops,
          shop, palyth_stone_intersect, columned_hall_lemuel,
          lightli_church_of_beogh, uniq_duvessa
D:6:      minmay_diamond_boxcup, layout_layer_cave,
          grunt_temple_overflow_forces_of_nature, hangedman_decor_riveting

Skill      XL: |  1  2  3  4  5  6  7  8 |
---------------+-------------------------+-----
Spellcasting   | 5 6 |  6.1
Fighting       | 1 2 3 |  3.5
Short Blades   | 1 2 3 |  3.5
Long Blades    | 1 2 3 |  3.5
Axes           | 1 2 3 |  3.5
Maces & Flails | 1 2 3 |  3.5
Polearms       | 1 2 3 |  3.5
Staves         | 1 2 3 |  3.5
Slings         | 1 2 3 |  3.5
Bows           | 1 2 3 |  3.5
Crossbows      | 1 2 3 |  3.5
Throwing       | 1 2 3 |  3.5
Armour         | 1 2 3 |  3.5
Shields        | 1 2 3 |  3.5
Unarmed Combat | 1 2 3 |  3.5
Invocations    | 1 2 3 |  3.8
Evocations     | 1 2 3 |  3.5
Conjurations   | 1 2 |  2.8
Hexes          | 1 2 |  2.8
Summonings     | 1 2 |  2.8
Necromancy     | 1 2 |  2.8
Translocations | 1 2 |  2.8
Transmutations | 1 2 |  2.8
Fire Magic     | 1 2 |  2.8
Air Magic      | 1 2 |  2.8
Earth Magic    | 1 2 |  2.8
Poison Magic   | 1 2 |  2.8
Dodging        | 5 |  5.8
Stealth        | 5 |  5.5
Ice Magic      | |  7.7

Action                   |  1- 3 |  4- 6 |  7- 9 || total
-------------------------+-------+-------+-------++-------
Melee: Bardiche          |    11 |       |       ||    11
       Dagger            |     8 |    42 |       ||    50
       Bite              |     2 |     5 |     7 ||    14
       Short sword       |       |     8 |    64 ||    72
       Punch             |       |       |     2 ||     2
 Cast: Freeze            |    39 |    39 |    44 ||   122
       Frozen Ramparts   |       |     2 |    12 ||    14
       Ozocubu's Armour  |       |       |     4 ||     4
  Use: Potion            |       |       |     2 ||     2
 Stab: Sleeping          |       |    12 |       ||    12
       Distracted        |       |     1 |       ||     1
Armor: Robe              |    11 |     4 |    12 ||    27
Dodge: Dodged            |    35 |    41 |    48 ||   124

Table legend: (Time is in decaauts)
 A = Elapsed time spent in this place.
 B = Non-inter-level travel time spent in this place.
 C = Inter-level travel time spent in this place.
 D = Time resting spent in this place.
 E = Time spent auto-exploring this place.
 F = Levels seen in this place.
 G = Mean time per level.
                   A        B        C        D        E       F      G
               +--------+--------+--------+--------+--------+-----+--------+
         Total |   8368 |   7850 |    518 |   2410 |   4420 |   6 | 1394.7 |
       Dungeon |   8368 |   7850 |    518 |   2410 |   4420 |   6 | 1394.7 |
               +--------+--------+--------+--------+--------+-----+--------+

Top non-repeatable levels by time:
     D:4: 2386 daAuts
     D:3: 1585 daAuts
     D:5: 1379 daAuts
     D:1: 1079 daAuts
     D:6: 1016 daAuts
     D:2: 922 daAuts
